 Dungeon Crawl Stone Soup version 0.30-a0-458-g86641cc369 (webtiles) character file.

Game seed: 17801365188290319951

8625 ptdevnull the Severer (level 11, -10/102 HPs)
             Began as a Hill Orc Fighter on Dec 14, 2022.
             Was a Believer of Beogh.
             Shot with an arrow by a centaur warrior (16 damage)
             ... on level 9 of the Dungeon.
             The game lasted 00:15:01 (8419 turns).

ptdevnull the Severer (Hill Orc Fighter)            Turns: 8419, Time: 00:15:02

Health: -10/102    AC: 15    Str: 24    XL:     11   Next: 33%
Magic:  0/19       EV: 10    Int:  4    God:    Beogh [**....]
Gold:   532        SH:  4    Dex: 10    Spells: 10/10 levels left

rFire   + . .      SeeInvis .    J - +4 broad axe (elec)
rCold   . . .      Faith    .    c - +0 buckler
rNeg    + + +      Spirit   +    L - +2 ring mail of Xyrph {rElec rPois rN++ Int-4}
rPois   +          Reflect  .    (no helmet)
rElec   +          Harm     .    e - +0 cloak
rCorr   .          Rampage  .    p - +0 pair of gloves
Will    .....                    u - +0 pair of boots
Stlth   ..........               k - amulet of guardian spirit
HPRegen 0.37/turn                v - ring "Vailomm" {rF+ rN+}
MPRegen 0.16/turn                A - +4 ring of protection

@: lethally poisoned (-10 -> -22), about to teleport
A: no striking features
a: Renounce Religion, Smiting


You were on level 9 of the Dungeon.
You worshipped Beogh.
Beogh was pleased with you.
You visited 1 branch of the dungeon, and saw 9 of its levels.
You also visited: Bailey.

You collected 558 gold pieces.
You spent 26 gold pieces at shops.

Inventory:

Hand Weapons
 a - a +0 war axe
 J - a +4 broad axe of electrocution (weapon)
Armour
 c - a +0 buckler (worn)
 e - a +0 cloak (worn)
 p - a +0 pair of gloves (worn)
 u - a +0 pair of boots (worn)
 L - the +2 ring mail of Xyrph (worn) {rElec rPois rN++ Int-4}
   (You found it on level 4 of the Dungeon)

   Int:       It affects your intelligence (-4).
   rElec:     It insulates you from electricity.
   rPois:     It protects you from poison.
   rN:        It greatly protects you from negative energy.
Jewellery
 k - an amulet of guardian spirit (around neck)
 v - the ring "Vailomm" (left hand) {rF+ rN+}
   (You found it on level 2 of the Dungeon)

   [ring of protection from fire]

   rF:        It protects you from fire.
   rN:        It protects you from negative energy.
 A - a +4 ring of protection (right hand)
Wands
 m - a wand of polymorph (1)
 o - a wand of flame (20)
 F - a wand of mindburst (13)
 I - a wand of iceblast (11)
Scrolls
 g - a scroll of immolation
 h - 6 scrolls of enchant armour
 i - 4 scrolls of teleportation
 j - a scroll of vulnerability {unknown}
 l - a scroll of blinking {unknown}
 t - 2 scrolls of noise
 w - 2 scrolls of amnesia {unknown}
 x - 2 scrolls of magic mapping
 y - a scroll of brand weapon
 C - 3 scrolls of fog
Potions
 b - a potion of degeneration {unknown}
 d - 2 potions of might
 f - 8 potions of curing
 n - a potion of mutation
 q - 2 potions of ambrosia
 r - a potion of heal wounds
 s - a potion of attraction
 z - 2 potions of berserk rage {unknown}
 B - a potion of cancellation {unknown}
 D - 3 potions of brilliance {unknown}
 E - a potion of flight {unknown}
 G - a potion of haste
 H - 2 potions of resistance {unknown}
 K - 2 potions of invisibility {unknown}


   Skills:
 + Level 11.1 Fighting
 * Level 15.9 Axes
 - Level 3.2 Armour
 - Level 3.2 Shields
 + Level 11.0 Invocations


You had 10 spell levels left.
You didn't know any spells.
Your spell library contained the following spells:

 Spells                   Type           Power      Damage    Failure   Level
 Apportation              Tloc           0%         N/A       75%         1
 Magic Dart               Conj           0%         1d3       75%         1
 Necrotise                Necr           0%         1d4       75%         1
 Summon Small Mammal      Summ           0%         N/A       75%         1
 Searing Ray              Conj           0%         2d4       87%         2
 Static Discharge         Conj/Air       0%         2-2/arc   87%         2
 Sublimation of Blood     Necr           0%         N/A       87%         2
 Wereblood                Tmut           0%         N/A       87%         2
 Ozocubu's Armour         Ice            0%         N/A       98%         3
 Vhi's Electric Charge    Tloc/Air       0%         N/A       98%         3
 Fulminant Prism          Conj/Hex       0%         3d5       100%        4
 Leda's Liquefaction      Hex/Erth       0%         N/A       100%        4
 Petrify                  Tmut/Erth      0%         N/A       100%        4
 Arcjolt                  Conj/Air       0%         1d10      100%        5
 Irradiate                Conj/Tmut      0%         3d11      100%        5
 Lee's Rapid Deconstruct  Erth           0%         3d4*      100%        5
 Lightning Bolt           Conj/Air       0%         1d11      100%        5
 Statue Form              Tmut/Erth      0%         N/A       100%        6
 Ozocubu's Refrigeration  Ice            0%         4d7       100%        7
 Summon Hydra             Summ           0%         N/A       100%        7


Dungeon Overview and Level Annotations

Branches:
Dungeon (9/15)             Temple (0/1) D:7            Lair (0/5) D:9
 Bailey (visited)
    Orc: D:9-12

Altars:
Ashenzari
Dithmenos
Fedhas
Nemelex Xobeh
Sif Muna

Shops:
D:3 ?*[   D:7 !


Message History

* * * LOW HITPOINT WARNING * * *
The centaur warrior kicks you but does no damage.
A manticore comes into view.
You barely miss the centaur warrior.
The centaur warrior is almost dead.
You feel sick. You block the centaur warrior's attack.
The centaur warrior kicks you but does no damage.
The centaur warrior hits you with a +4 hand axe of venom!
* * * LOW HITPOINT WARNING * * *
You are more poisoned.
The centaur warrior kicks you but does no damage.
You closely miss the centaur warrior.
The centaur warrior is almost dead.
You feel sick.
A deep elf pyromancer comes into view.
It is wielding a +1 short sword of draining.
Unknown command.
As you read the scroll of teleportation, it crumbles to dust.
You feel strangely unstable.
You feel very sick.
The centaur warrior wields a +0 shortbow.
The centaur warrior shoots an arrow.
The arrow hits you.
* * * LOW HITPOINT WARNING * * *
The centaur warrior misses you. The centaur warrior kicks you.
* * * LOW HITPOINT WARNING * * *
The deep elf pyromancer casts a spell.
The wyvern hisses menacingly.
The wyvern bites you.
* * * LOW HITPOINT WARNING * * *
The centaur warrior attacks as you move away!
The centaur warrior hits you with a +4 hand axe of venom.
* * * LOW HITPOINT WARNING * * *
You are lethally poisoned!
The centaur warrior kicks you but does no damage.
* * * LOW HITPOINT WARNING * * *
You feel very sick.
The centaur warrior unwields a +4 hand axe of venom.
It stops dripping with poison.
The centaur warrior wields a +0 shortbow.
The centaur warrior shoots an arrow.
The arrow hits you!!
You die...

#.# #..## #.# #.# ##...
#.. #.# .... #.# #.#
#..# #.# #. #.# #..#
#.## #.. #.#
#..####..## #.. ##.##
#.......).## #..
##.#.###...>..#...###.#
#.###.##.####.#†@.#...
.## ##...#
#.##.)#.######.
#)###<####
#.###clc.H..e.. ..)#.##
#.# #.#####.##. .##)##
#.# #.# . ### #.# ..# .
#....## . #...# . ..#


You could see 2 centaur warriors and a wyvern.

Vanquished Creatures
  A two-headed ogre (D:9)
  Pikel (D:7)
  3 orc knights (Bailey)
  Joseph (D:7)
  2 kobold demonologists (D:9)
  The ghost of billz999 the Skirmisher, an amateur GnHu of Kikubaaqudgha (D:4)
  Prince Ribbit (D:7)
  9 yaks
  An acid dragon (D:9)
  5 water moccasins
  8 orc warriors
  A black bear (D:5)
  3 sky beasts
  2 ogres
  A centaur (D:9)
  3 lemures (D:7)
  A kobold brigand (D:9)
  3 phantoms
  4 bullfrogs
  3 necrophages
  6 scorpions
  2 hounds
  2 orc priests
  A gnoll bouda (D:8)
  2 iguanas (D:5)
  9 orc wizards
  A mummy (D:5)
  5 gnolls (D:8)
  13 adders
  2 shadow imps (D:6)
  3 dart slugs
  49 orcs
  6 ball pythons
  5 bats
  4 endoplasms
  3 giant cockroaches
  2 goblins
  5 hobgoblins
  4 jackals (D:2)
  3 quokkas
  2 frilled lizards
  A hobgoblin zombie (D:5)
  6 kobolds
  A kobold zombie (D:5)
  2 orc zombies (D:5)
  8 rats
201 creatures vanquished.

Notes
Turn   | Place    | Note
-------+----------+-------------------------------------------
     0 | D:1      | ptdevnull the Hill Orc Fighter began the quest for the Orb.
     0 | D:1      | Reached XP level 1. HP: 19/19 MP: 1/1
    39 | D:1      | Reached skill level 3 in Axes
   111 | D:1      | Reached XP level 2. HP: 27/27 MP: 2/2
   321 | D:1      | You fall into a shaft and drop 1 floor!
   723 | D:2      | Reached skill level 4 in Axes
   726 | D:2      | Reached XP level 3. HP: 33/33 MP: 3/3
  1321 | D:2      | Identified the ring "Vailomm" {rF+ rN+}
  1409 | D:3      | Found Temyajel's Antique Armour Shoppe.
  1446 | D:3      | Found Zaghi's Assorted Antiques.
  1504 | D:3      | Found Hewuwug's Magic Scroll Emporium.
  1515 | D:3      | Bought a scroll of identify for 26 gold pieces
  1607 | D:3      | Reached XP level 4. HP: 41/41 MP: 4/4
  1648 | D:3      | Became a worshipper of Beogh the Brigand
  1680 | D:3      | Reached skill level 5 in Axes
  2228 | D:4      | Reached skill level 1 in Invocations
  2252 | D:4      | Reached XP level 5. HP: 47/47 MP: 5/5
  2301 | D:4      | Found a runed translucent door.
  2304 | D:4      | Noticed billz999's ghost (amateur GnHu)
  2781 | D:5      | Entered Level 5 of the Dungeon
  2877 | D:5      | Noticed an ogre
  2884 | D:5      | Killed an ogre
  2885 | D:5      | Reached skill level 5 in Fighting
  2885 | D:5      | Reached skill level 6 in Axes
  2885 | D:5      | Reached XP level 6. HP: 56/56 MP: 7/7
  2989 | D:5      | Noticed a black bear
  2998 | D:5      | Killed a black bear
  2999 | D:5      | Reached skill level 7 in Axes
  3047 | D:5      | Reached XP level 7. HP: 60/62 MP: 9/9
  3079 | D:5      | Reached skill level 8 in Axes
  3399 | D:5      | Reached * piety under Beogh
  3411 | D:5      | Found a blossoming altar of Fedhas.
  3413 | D:5      | Found a shimmering blue altar of Sif Muna.
  3415 | D:5      | Found a broken altar of Ashenzari.
  3416 | D:5      | Found a sparkling altar of Nemelex Xobeh.
  3426 | D:5      | Reached XP level 8. HP: 55/71 MP: 7/11
  3569 | D:5      | Reached skill level 9 in Axes
  3569 | D:5      | Reached skill level 5 in Invocations
  4095 | D:6      | Reached skill level 10 in Axes
  4528 | D:6      | Upgraded the game from 0.30-a0-457-g4b7bca3bfa to
                  | 0.30-a0-458-g86641cc369
  4614 | D:6      | Found a shadowy altar of Dithmenos.
  5080 | D:7      | Reached skill level 11 in Axes
  5080 | D:7      | Reached XP level 9. HP: 73/80 MP: 11/14
  5115 | D:7      | Noticed Prince Ribbit
  5148 | D:7      | Killed Prince Ribbit
  5338 | D:7      | Found a staircase to the Ecumenical Temple.
  5615 | D:7      | Noticed Pikel
  5630 | D:7      | Killed Pikel
  5631 | D:7      | Reached skill level 12 in Axes
  5797 | D:7      | Found Domah's Distillery.
  5849 | D:7      | Noticed Joseph
  5856 | D:7      | Killed Joseph
  6179 | D:8      | Found a flagged portal.
  6186 | Bailey   | Entered a bailey
  6208 | Bailey   | Reached ** piety under Beogh
  6500 | Bailey   | Noticed an orc knight
  6521 | Bailey   | Noticed an orc knight
  6568 | Bailey   | Reached skill level 13 in Axes
  6568 | Bailey   | Reached XP level 10. HP: 56/91 MP: 3/16
  6580 | Bailey   | Killed an orc knight
  6633 | Bailey   | Killed an orc knight
  6895 | Bailey   | Noticed an orc knight
  6924 | Bailey   | Killed an orc knight
  6925 | Bailey   | Reached skill level 14 in Axes
  7141 | D:7      | Reached skill level 10 in Fighting
  7145 | D:7      | HP: 4/93 [yak (6)]
  7444 | D:4      | Killed billz999's ghost
  7450 | D:4      | Identified the +2 ring mail of Xyrph {rElec rPois rN++
                  | Int-4}
  7726 | D:8      | Reached skill level 10 in Invocations
  7885 | D:8      | Reached skill level 15 in Axes
  7888 | D:8      | Reached XP level 11. HP: 101/101 MP: 18/18
  8288 | D:9      | Found a staircase to the Lair.
  8311 | D:9      | Noticed a two-headed ogre
  8317 | D:9      | Killed a two-headed ogre
  8396 | D:9      | Noticed a deep elf pyromancer
  8401 | D:9      | Noticed a centaur warrior
  8410 | D:9      | Noticed a centaur warrior
  8415 | D:9      | Noticed a manticore
  8417 | D:9      | Noticed a deep elf pyromancer
  8419 | D:9      | Shot with an arrow by a centaur warrior

Illustrated notes

Levels and vault maps discovered:
D:1:      ncdulo_lavacross, layout_loops_ring
D:2:      layout_basic, minmay_surrounded
D:3:      layout_basic, serial_shops, shop, shop, nicolae_shop_crystal
D:4:      layout_loops_ring, ebering_ghost_reflecting_pool
D:5:      layout_cave_pools, grunt_temple_overflow_open,
          hangedman_decor_clover_reticule, minmay_mini_ossuary
D:6:      layout_layer_cave, grunt_dithmenos_shadows
D:7:      layout_loops_ring, minmay_temple_entry_hall, nicolae_take_the_stairs,
          nicolae_zen_rock_garden, minivault_22, hangedman_decor_peaks_small,
          uniq_joseph, uniq_prince_ribbit1, uniq_pikel
D:8:      nicolae_cairo_tiling_very_big, layout_cave_pools, enter_bailey_2
D:9:      minmay_the_grid_octo_tiled_octocenter
          [minmay_the_grid_octo_vomiting_pacman, minmay_the_grid_octo_teeth,
          minmay_the_grid_octo_chip, minmay_the_grid_octo_thin_diamonds,
          minmay_the_grid_octo_prize_square_snowflake,
          minmay_the_grid_square_5x5_forky, minmay_the_grid_square_5x5_three,
          minmay_the_grid_square_5x5_two, minmay_the_grid_square_5x5_corner],
          layout_loops_ring, nicolae_tso_swordbearing_angel,
          kennysheep_orc_monster_closet_entryway

Skill      XL: |  1  2  3  4  5  6  7  8  9 10 11 |
---------------+----------------------------------+-----
Axes           | 3 4 5 6 7 8 11 13 15 | 15.9
Fighting       | 4 5 6 7 9 10 11 | 11.1
Invocations    | 1 2 3 4 6 8 10 11 | 11.0
Armour         | |  3.2
Shields        | |  3.2

Action                   |  1- 3 |  4- 6 |  7- 9 | 10-12 || total
-------------------------+-------+-------+-------+-------++-------
Melee: War axe           |   109 |   110 |   191 |       ||   410
       Broad axe         |       |       |    77 |   163 ||   240
Invok: Convert to Beogh  |       |     1 |       |       ||     1
       Smiting           |       |       |     2 |     3 ||     5
  Use: Scroll            |       |       |    12 |     6 ||    18
       Potion            |       |       |     6 |     3 ||     9
Armor: Scale mail        |    64 |    66 |   185 |    20 ||   335
       Ring mail         |       |       |       |    47 ||    47
Dodge: Dodged            |    57 |    48 |   134 |    64 ||   303
Block: Buckler           |    23 |    27 |    77 |    32 ||   159

Table legend: (Time is in decaauts)
 A = Elapsed time spent in this place.
 B = Non-inter-level travel time spent in this place.
 C = Inter-level travel time spent in this place.
 D = Time resting spent in this place.
 E = Time spent auto-exploring this place.
 F = Levels seen in this place.
 G = Mean time per level.
                   A        B        C        D        E       F      G
               +--------+--------+--------+--------+--------+-----+--------+
         Total |   8466 |   8062 |    404 |    630 |   6009 |  10 |  846.6 |
       Dungeon |   7551 |   7147 |    404 |    380 |   5557 |   9 |  839.0 |
        Bailey |    914 |    914 |      0 |    250 |    452 |   1 |  914.0 |
               +--------+--------+--------+--------+--------+-----+--------+

Top non-repeatable levels by time:
     D:7: 1508 daAuts
     D:6: 1283 daAuts
     D:5: 994 daAuts
  Bailey: 914 daAuts
     D:3: 820 daAuts
     D:1: 724 daAuts
     D:2: 713 daAuts
     D:4: 639 daAuts
     D:8: 599 daAuts
     D:9: 268 daAuts
